 Dungeon Crawl Stone Soup version 0.28-a0-384-g9e0c098162 (webtiles) character file.

Game seed: 11113902595144699972

4624 mathmaestro the Grappler (level 10, -5/159 HPs)
             Began as a Troll Monk on Sept 2, 2021.
             Slain by a boulder beetle (28 damage)
             ... on level 8 of the Dungeon.
             The game lasted 00:09:56 (6055 turns).

mathmaestro the Grappler (Troll Monk)               Turns: 6055, Time: 00:09:57

Health: -5/159     AC:  5    Str: 24    XL:     10   Next: 19%
Magic:  9/9        EV: 11    Int:  6    God:
Gold:   176        SH:  0    Dex: 12    Spells: 9/9 levels left

rFire   . . .      SeeInvis .     - Unarmed
rCold   . . .      Faith    .   (no shield)
rNeg    . . .      Spirit   .   a - +1 robe
rPois   .          Reflect  .   (helmet restricted)
rElec   .          Harm     .   (no cloak)
rCorr   +          Rampage  .   (gloves unavailable)
Will    .....                   (boots unavailable)
Stlth   ..........              (no amulet)
HPRegen 1.36/turn               e - ring of resist corrosion
MPRegen 0.11/turn               (no ring)

@: berserking, very quick
A: large, unfitting armour, claws 3, regeneration 1, shaggy fur 1, tough skin 1
a: no special abilities


You were on level 8 of the Dungeon.
You visited 2 branches of the dungeon, and saw 9 of its levels.

You collected 367 gold pieces.
You spent 191 gold pieces at shops.

Inventory:

Hand Weapons
 k - a +0 whip of electrocution
Missiles
 f - 74 poisoned darts
 i - 144 stones
 j - 53 bolts
 m - 118 sling bullets
 o - 82 arrows
 p - 2 throwing nets
 r - 6 boomerangs (quivered)
Armour
 a - a +1 robe (worn)
Jewellery
 e - a ring of resist corrosion (left claw)
 n - a ring of flight
Wands
 v - a wand of flame (13)
 w - a wand of charming (11)
Scrolls
 c - a scroll of enchant armour
 h - a scroll of holy word
 l - a scroll of fog
 s - 2 scrolls of teleportation
 t - a scroll of enchant weapon
 u - 3 scrolls of identify
Potions
 b - a potion of flight
 g - 2 potions of might
 q - a potion of lignification


   Skills:
 + Level 8.5 Fighting
 + Level 3.6 Throwing
 + Level 4.6 Dodging
 - Level 1.0 Stealth
 + Level 10.1 Unarmed Combat


You had 9 spell levels left.
You didn't know any spells.
Your spell library contained the following spells:

 Spells                   Type           Power      Damage    Failure   Level
 Beastly Appendage        Tmut           0%         N/A       45%         1
 Magic Dart               Conj           0%         1d3       45%         1
 Summon Small Mammal      Summ           0%         N/A       45%         1
 Call Imp                 Summ           0%         N/A       58%         2
 Corpse Rot               Necr/Air       N/A        N/A       58%         2
 Poisonous Vapours        Pois/Air       0%         N/A       58%         2
 Wereblood                Tmut           0%         N/A       58%         2
 Call Canine Familiar     Summ           0%         N/A       83%         3
 Ignite Poison            Fire/Tmut/Pois 0%         N/A       83%         3
 Mephitic Cloud           Conj/Pois/Air  0%         N/A       83%         3
 Spider Form              Tmut/Pois      0%         N/A       83%         3
 Summon Guardian Golem    Hex/Summ       0%         N/A       83%         3
 Bolt of Magma            Conj/Fire/Erth 0%         4d4       100%        5
 Freezing Cloud           Conj/Ice/Air   0%         6-21      100%        5


Dungeon Overview and Level Annotations

Branches:
Dungeon (8/15)             Temple (1/1) D:6
   Lair: D:8-11

Altars:
Ashenzari
Cheibriados
Dithmenos
Elyvilon
Fedhas
Kikubaaqudgha
Makhleb
Nemelex Xobeh
Okawaru
Qazlal
Ru
Sif Muna
Trog
Uskayaw
Yredelemnul

Shops:
D:4 *


Innate Abilities, Weirdness & Mutations

You are too large for most types of armour.
You have claws for hands.
Your natural rate of healing is unusually fast.
You are covered in fur. (AC +1)
You have tough skin. (AC +1)


Message History

You scratch the boulder beetle but do no damage.
The boulder beetle is lightly wounded.
You feel sick.
The kobold throws a stone.
The stone hits you but does no damage.
The boulder beetle completely misses you.
You scratch the boulder beetle but do no damage.
The boulder beetle is lightly wounded.
You feel sick.
You mangle the boulder beetle!!
The boulder beetle is moderately wounded.
You feel sick. The boulder beetle bites you.
The kobold throws a stone.
The stone completely misses you.
A red film seems to cover your vision as you go berserk!
You feel yourself moving faster!
You feel mighty!
You feel sick. The boulder beetle bites you!
* * * LOW HITPOINT WARNING * * *
The kobold throws a stone.
The stone hits you but does no damage.
You scratch the boulder beetle but do no damage.
The boulder beetle is moderately wounded.
The boulder beetle bites you!
* * * LOW HITPOINT WARNING * * *
The kobold throws a stone.
The stone barely misses you.
You scratch the boulder beetle but do no damage.
You claw the boulder beetle.
The boulder beetle is heavily wounded.
You feel sick.
You are no longer poisoned.
A kobold comes into view. It is wielding a +0 short sword.
The kobold shouts!
You claw the boulder beetle!
The boulder beetle is severely wounded.
The boulder beetle bites you!
* * * LOW HITPOINT WARNING * * *
The kobold throws a stone.
The stone barely misses you.
You scratch the boulder beetle. You claw the boulder beetle!
The boulder beetle is severely wounded.
You scratch the boulder beetle but do no damage.
The boulder beetle is severely wounded.
The boulder beetle bites you!!
You die...

#..#....#... #.#
##.).#....< ..#
.......... ..
#..#K....##### #.
.K...........##### #.
#(K..............######.
.##..K.#####.>#...).##.
#...#.# ##.#####....
#..##@# #.# ###.. ....
#B# #)## ###.# ##.. #z#
#..# #...# #. .z.
##.####l### #.. #..#.l.#
##...#####.[.###
#.........#####
#..#.........#
...###....#...


You could see a boulder beetle, 2 wights and 2 kobolds.

Vanquished Creatures
  A two-headed ogre (D:8)
  An elephant (D:8)
  Prince Ribbit (D:7)
  6 yaks (D:8)
  A wyvern (D:8)
  A basilisk (D:8)
  A steam dragon (D:7)
  2 swamp worms (D:7)
  2 water moccasins (D:5)
  An ice beast (D:5)
  A black bear (D:6)
  2 centaurs
  A phantom (D:7)
  A bullfrog (D:7)
  2 kobold brigands (D:3)
  A gnoll sergeant (D:5)
  3 scorpions
  2 wights (D:8)
  A howler monkey (D:6)
  A centaur zombie (D:8)
  6 hounds
  A jelly (D:7)
  3 orc priests
  A centaur skeleton (D:5)
  An orc wizard (D:6)
  2 iguanas
  9 gnolls
  A howler monkey skeleton (D:6)
  9 adders
  A shadow imp (D:7)
  A white imp (D:6)
  An adder skeleton (D:4)
  A worm (D:2)
  A dart slug (D:1)
  16 orcs
  5 ball pythons
  12 endoplasms
  4 giant cockroaches
  5 goblins
  6 hobgoblins
  2 jackals (D:1)
  2 quokkas (D:1)
  A bat (D:3)
  A frilled lizard (D:2)
  17 kobolds
  5 rats
146 creatures vanquished.

Vanquished Creatures (others)
  4 plants (D:7)
4 creatures vanquished.

Grand Total: 150 creatures vanquished

Notes
Turn   | Place    | Note
-------+----------+-------------------------------------------
     0 | D:1      | mathmaestro the Troll Monk began the quest for the Orb.
     0 | D:1      | Reached XP level 1. HP: 22/22 MP: 0/0
   188 | D:1      | Reached XP level 2. HP: 29/29 MP: 1/1
   879 | D:2      | Reached XP level 3. HP: 36/36 MP: 2/2
  1119 | D:2      | Found a faded altar of an unknown god.
  1151 | D:2      | Found an ancient bone altar of Kikubaaqudgha.
  1538 | D:2      | Reached XP level 4. HP: 45/45 MP: 3/3
  1767 | D:3      | Reached skill level 4 in Unarmed Combat
  1917 | D:3      | Noticed a kobold brigand
  1918 | D:3      | Noticed a kobold brigand
  1927 | D:3      | Killed a kobold brigand
  1928 | D:3      | Reached XP level 5. HP: 16/54 MP: 4/4
  2060 | D:3      | Reached skill level 5 in Unarmed Combat
  2060 | D:3      | Reached XP level 6. HP: 62/62 MP: 5/5
  2875 | D:4      | Found Zyegu's Assorted Antiques.
  2900 | D:4      | Bought a scroll labelled VEUGGO FUSMYDI for 29 gold pieces
  2900 | D:4      | Bought a scroll of identify for 58 gold pieces
  2900 | D:4      | Bought a fizzy grey potion for 26 gold pieces
  3391 | D:4      | Bought a golden potion for 26 gold pieces
  3412 | D:5      | Entered Level 5 of the Dungeon
  3465 | D:5      | Noticed a water moccasin
  3475 | D:5      | Killed a water moccasin
  3476 | D:5      | Reached skill level 5 in Fighting
  3476 | D:5      | Reached skill level 6 in Unarmed Combat
  3476 | D:5      | Reached XP level 7. HP: 66/72 MP: 6/6
  3503 | D:4      | Bought a murky silvery potion for 26 gold pieces
  3959 | D:5      | Reached skill level 7 in Unarmed Combat
  3959 | D:5      | Reached XP level 8. HP: 37/83 MP: 7/7
  4504 | D:4      | Bought a ruby potion for 26 gold pieces
  4567 | D:6      | Found a staircase to the Ecumenical Temple.
  4573 | Temple   | Entered the Ecumenical Temple
  4877 | D:6      | Found an iron altar of Okawaru.
  4944 | D:6      | Reached skill level 8 in Unarmed Combat
  5238 | D:7      | Noticed Prince Ribbit
  5256 | D:7      | Killed Prince Ribbit
  5303 | D:7      | Reached XP level 9. HP: 62/93 MP: 8/8
  5488 | D:7      | Reached skill level 9 in Unarmed Combat
  5499 | D:7      | HP: 3/93 [swamp worm/harpoon shot (9)]
  5499 | D:7      | HP: 1/93 [swamp worm (2)]
  5769 | D:8      | Noticed a two-headed ogre
  5777 | D:8      | Killed a two-headed ogre
  5778 | D:8      | Reached skill level 1 in Throwing
  5851 | D:8      | Noticed a boulder beetle
  5896 | D:8      | Reached XP level 10. HP: 47/104 MP: 9/9
  5947 | D:8      | Noticed an elephant
  5956 | D:8      | Killed an elephant
  5957 | D:8      | Reached skill level 10 in Unarmed Combat
  6042 | D:8      | Noticed a two-headed ogre
  6055 | D:8      | Slain by a boulder beetle

Illustrated notes

Levels and vault maps discovered:
D:1:      wander_arrival_estate, layout_basic
D:2:      layout_loops_corners, basic_altar,
          hellmonk_ecumenical_altar_arch_garden, st_stairs_1
D:3:      cheibrodos_thug_alley, layout_basic
D:4:      layout_layer_cave, serial_shops, nicolae_shop_trees
D:5:      layout_cave_pools, hangedman_decor_opposing
D:6:      layout_rooms, kennysheep_little_box, minmay_temple_entry_fiery
D:7:      layout_rooms, worms_lemuel, uniq_prince_ribbit1
D:8:      layout_rooms, nicolae_vehumet_altar_sigil, david_lair_generic
Temple:   cyrus_circular_temple

Skill      XL: |  1  2  3  4  5  6  7  8  9 10 |
---------------+-------------------------------+-----
Fighting       | 3 4 5 7 8 |  8.5
Dodging        | 3 4 |  4.6
Unarmed Combat | 4 5 6 7 8 9 10 | 10.1
Throwing       | 3 |  3.6
Stealth        | |  1.0

Action                   |  1- 3 |  4- 6 |  7- 9 | 10-12 || total
-------------------------+-------+-------+-------+-------++-------
Melee: Unarmed           |   100 |   108 |   216 |    36 ||   460
       Punch             |       |     2 |    13 |     4 ||    19
Throw: Boomerang         |       |       |     4 |       ||     4
  Use: Potion            |       |     4 |     3 |     1 ||     8
       Scroll            |       |    10 |     9 |       ||    19
 Stab: Sleeping          |     6 |     3 |       |       ||     9
Armor: Robe              |    26 |    34 |    68 |     7 ||   135
Dodge: Dodged            |    60 |    36 |   149 |    17 ||   262

Table legend: (Time is in decaauts)
 A = Elapsed time spent in this place.
 B = Non-inter-level travel time spent in this place.
 C = Inter-level travel time spent in this place.
 D = Time resting spent in this place.
 E = Time spent auto-exploring this place.
 F = Levels seen in this place.
 G = Mean time per level.
                   A        B        C        D        E       F      G
               +--------+--------+--------+--------+--------+-----+--------+
         Total |   6032 |   5692 |    340 |    599 |   3958 |   9 |  670.2 |
       Dungeon |   5981 |   5650 |    331 |    599 |   3923 |   8 |  747.6 |
        Temple |     50 |     41 |      9 |      0 |     35 |   1 |   50.0 |
               +--------+--------+--------+--------+--------+-----+--------+

Top non-repeatable levels by time:
     D:3: 1009 daAuts
     D:5: 1004 daAuts
     D:1: 861 daAuts
     D:4: 847 daAuts
     D:2: 814 daAuts
     D:6: 652 daAuts
     D:7: 518 daAuts
     D:8: 273 daAuts
  Temple: 50 daAuts
